 Dungeon Crawl Stone Soup version 0.19.0-20-gbc5f0c6 (webtiles) character file.

268 filkos the Skirmisher (level 6, -5/72 HPs)
             Began as a Demonspawn Berserker on Nov 16, 2016.
             Was a Priest of Trog.
             Slain by an orc priest
             ... wielding a cursed +0 trident
              (6 damage)
             ... on level 3 of the Dungeon.
             The game lasted 00:19:34 (2341 turns).

filkos the Skirmisher (Demonspawn Berserker)        Turns: 2341, Time: 00:19:34

Health: -5/72      AC:  3    Str: 24    XL:     6   Next: 1%
Magic:  6/6        EV: 12    Int:  8    God:    Trog [***...]
Gold:   172        SH:  0    Dex: 10    Spells: 0 memorised, 5 levels left

rFire  . . .     SeeInvis .     j - +1 hand axe (venom)
rCold  . . .     Gourm    .     q - +0 leather armour
rNeg   . . .     Faith    .     (no shield)
rPois  .         Spirit   .     (helmet restricted)
rElec  .         Reflect  .     (no cloak)
rCorr  .         Harm     .     (no gloves)
MR     .....                    (no boots)
Stlth  ..........               (no amulet)
                                (no ring)
                                n - -3 ring of dexterity (curse)

@: berserking (expiring), very quick
A: horns 1, demonic guardian 1, nightstalker 2
a: Berserk, Trog's Hand, Burn Spellbooks, Renounce Religion


You were on level 3 of the Dungeon.
You worshipped Trog.
Trog was most pleased with you.
You were not hungry.

You visited 1 branch of the dungeon, and saw 3 of its levels.

You collected 172 gold pieces.

Inventory:

Hand Weapons
 a - a +0 short sword
 h - a +0 short sword
 i - a +0 dagger
 j - a +1 hand axe of venom (weapon)
 l - a +0 hunting sling
 m - a +0 dagger
 p - a +0 mace
 t - a +0 hunting sling
 w - a +2 antimagic spear
Missiles
 e - 15 bolts
 u - 74 stones (quivered)
Armour
 b - a +0 animal skin
 o - a +0 pair of gloves
 q - a +0 leather armour (worn)
Jewellery
 n - a cursed -3 ring of dexterity (left hand)
Scrolls
 k - a scroll of remove curse {unknown}
 r - 2 scrolls of identify {unknown}
 v - a scroll of amnesia {unknown}
 x - a scroll of noise {unknown}
 y - a scroll of fear {unknown}
 z - a scroll of blinking
 A - a scroll of magic mapping
Potions
 c - a potion of might {unknown}
 d - a potion of mutation {unknown}
 g - 2 potions of curing
Comestibles
 f - 2 meat rations
 s - a beef jerky
 B - a slice of pizza


   Skills:
 + Level 4.0 Fighting
 - Level 3.0 Short Blades
 * Level 3.2 Axes
 + Level 3.1 Armour
 + Level 2.5 Dodging


You had 5 spell levels left.
You didn't know any spells.

Dungeon Overview and Level Annotations

Branches:
Dungeon (3/15)

Altars:
Cheibriados
Fedhas
Nemelex Xobeh
Trog
Vehumet

Annotations:
D:2 1 exclusion


Innate Abilities, Weirdness & Mutations

You have a pair of small horns on your head.
A weak demonic guardian rushes to your aid.
You are significantly more attuned to the shadows.


Message History

You hit the orc priest.
You kill the orc priest!
Trog accepts your kill.
Your Armour skill increases to level 3!
You have reached level 6!
Your experience leads to an increase in your attributes!
Your base attributes are Str 18, Int 8, Dex 13.
Increase (S)trength, (I)ntelligence, or (D)exterity?
You feel stronger.
Your demonic ancestry asserts itself...
You slip further into the darkness.
You closely miss the orc.
The orc priest hits you from afar with a trident!
* * * LOW HITPOINT WARNING * * *
The orc hits you with a club.
* * * LOW HITPOINT WARNING * * *
You slash the orc!
You kill the orc!
Trog accepts your kill. The orc priest hits you with a trident.
You die...

#.....# # #.....# # #..)..# #
####.....# # #####....†...# #
........)....##### #
........)........################
........####.###.#...............
..............5.@o...............
........####.###)#.####.#######.#
........# #.#...#.......# #.#
######### #.#.#########.# #.#
###.#. #.# #.# #...# ####.# #.#
#.### #....# #.# #.# #.##.# #.#
######## #.# #.##.## #.#


You could see an orc priest and a friendly white imp.

Vanquished Creatures
  2 orc priests (D:3)
  A gnoll (D:1)
  9 adders
  A shadow imp (D:3)
  3 dart slugs (D:1)
  A leopard gecko (D:3)
  6 orcs (D:3)
  8 giant cockroaches
  9 goblins
  8 hobgoblins
  A quokka (D:3)
  2 ball pythons
  8 bats
  4 frilled lizards
  5 kobolds
  6 rats
74 creatures vanquished.

Vanquished Creatures (collateral kills)
  An orc wizard (D:3)
  An orc (D:3)
2 creatures vanquished.

Grand Total: 76 creatures vanquished

Notes
Turn   | Place    | Note
-------+----------+-------------------------------------------
     0 | D:1      | filkos the Demonspawn Berserker began the quest for the Orb.
     0 | D:1      | Reached XP level 1. HP: 18/18 MP: 1/1
   329 | D:1      | Gained mutation: You have a pair of small horns on your head. [demonic ancestry]
   329 | D:1      | Reached XP level 2. HP: 7/24 MP: 2/2
   779 | D:1      | Gained mutation: A weak demonic guardian rushes to your aid. [demonic ancestry]
   779 | D:1      | Reached XP level 3. HP: 26/29 MP: 3/3
   953 | D:1      | Reached skill level 1 in Axes
  1004 | D:1      | Reached ** piety under Trog
  1074 | D:2      | Found a bloodstained altar of Trog.
  1435 | D:2      | Reached XP level 4. HP: 31/36 MP: 4/4
  1699 | D:2      | Found a snail-covered altar of Cheibriados.
  1702 | D:2      | Found a radiant altar of Vehumet.
  1702 | D:2      | Found a blossoming altar of Fedhas.
  1702 | D:2      | Found a sparkling altar of Nemelex Xobeh.
  2001 | D:3      | Gained mutation: You are slightly more attuned to the shadows. [demonic ancestry]
  2001 | D:3      | Reached XP level 5. HP: 39/42 MP: 5/5
  2142 | D:3      | Reached *** piety under Trog
  2333 | D:3      | Reached skill level 4 in Fighting
  2339 | D:3      | Gained mutation: You are significantly more attuned to the shadows. [demonic ancestry]
  2339 | D:3      | Reached XP level 6. HP: 12/48 MP: 6/6
  2339 | D:3      | HP: 1/72 [orc/club (3)]
  2341 | D:3      | Slain by an orc priest

Skill      XL: |  1  2  3  4  5 |
---------------+----------------+-----
Short Blades   | 3 |  3.0
Armour         | 2 3 |  3.1
Dodging        | 2 |  2.5
Axes           | 1 2 3 |  3.2
Fighting       | 4 |  4.0

Action                   |  1- 3 |  4- 6 || total
-------------------------+-------+-------++-------
Melee: Short sword       |    36 |       ||    36
       Hand axe          |    59 |    91 ||   150
       Headbutt          |     9 |     6 ||    15
Invok: Berserk           |     1 |     1 ||     2
  Use: Scroll            |     4 |       ||     4
       Potion            |     1 |       ||     1
 Stab: Sleeping          |       |     3 ||     3
  Eat: Chunk             |     2 |       ||     2
       Bread ration      |     1 |       ||     1
Armor: Animal skin       |     8 |       ||     8
       Leather armour    |    14 |    18 ||    32
Dodge: Dodged            |    81 |    56 ||   137
